 Dungeon Crawl Stone Soup version 0.31.0-1-g2c135a0 (webtiles) character file.

Game seed: 6267957428801091035

289 jagoly the Apothecary (level 6, -1/39 HPs)
             Began as an Octopode Alchemist on Jan 24, 2024.
             Hit by a goblin thrown by Robin (3 damage)
             ... on level 4 of the Dungeon.
             The game lasted 00:09:36 (627 turns).

jagoly the Apothecary (Octopode Alchemist)           Turns: 627, Time: 00:09:37

Health: -1/39      AC:  1    Str:  8    XL:     6   Next: 31%
Magic:  3/9        EV: 13    Int: 19    God:
Gold:   80         SH:  0    Dex: 12    Spells: 4/9 levels left

rFire   . . .        n - +1 whip (elec)
rCold   . . .        (no shield)
rNeg    . . .        (helmet restricted)
rPois   .            (no amulet)
rElec   .            (no ring)
rCorr   .            (no ring)
SInv    .            (no ring)
Will    .....        (no ring)
Stlth   +++          (no ring)
HPRegen 0.26/turn    (no ring)
MPRegen 0.11/turn    (no ring)
                     (no ring)

%: no passive effects
@: no status effects
A: almost no armour, amphibious, 8 rings, camouflage 1, gelatinous body 1,
(nimble swimmer 1), tentacles
a: no special abilities


You were on level 4 of the Dungeon.
You visited 1 branch of the dungeon, and saw 4 of its levels.

You collected 80 gold pieces.

Inventory:

Hand Weapons
 c - a +0 dagger
 g - a +0 rapier
 j - a +0 spear
 k - a +0 lajatang
 m - a +2 vampiric spear
 n - a +1 whip of electrocution (weapon)
Missiles
 b - 2 throwing nets
 p - 9 stones (quivered)
 q - 3 boomerangs
Armour
 o - a +0 buckler
Scrolls
 e - a scroll of teleportation {unknown}
 f - 2 scrolls of vulnerability {unknown}
 h - a scroll of amnesia {unknown}
 i - a scroll of fog {unknown}
Potions
 a - a potion of magic
 d - 2 potions of curing
 l - a potion of haste {unknown}


   Skills:
 - Level 2.0 Fighting
 - Level 2.0 Dodging
 - Level 4.0 Stealth
 - Level 2.0 Spellcasting
 - Level 2.0 Conjurations
 + Level 3.3 Fire Magic
 - Level 5.0 Alchemy


You had 4 spell levels left.
You knew the following spells:

 Your Spells              Type           Power      Damage    Failure   Level
a - Sting                 Conj/Alch      60%        1d6       4%          1
g - Sticky Flame          Fire/Alch      17%        2d5       30%         4

Your spell library contained the following spells:

 Spells                   Type           Power      Damage    Failure   Level
 Mercury Vapours          Alch/Air       22%        N/A       9%          2
 Mephitic Cloud           Conj/Alch/Air  10%        N/A       21%         3
 Olgreb's Toxic Radiance  Alch           20%        N/A       22%         4
 Hailstorm                Conj/Ice       5%         3d5       32%         3
 Call Canine Familiar     Summ           1%         N/A       45%         3
 Sigil of Binding         Hex            1%         N/A       45%         3
 Summon Ice Beast         Ice/Summ       1%         N/A       45%         3
 Dimensional Bullseye     Hex/Tloc       0%         N/A       86%         4
 Sculpt Simulacrum        Ice/Alch       5%         N/A       100%        6


Dungeon Overview and Level Annotations

Branches:
Dungeon (4/15) Zot: 23371
 Temple: D:4-7

Altars:

Annotations:
D:4 Robin


Innate Abilities, Weirdness & Mutations

You cannot wear most types of armour.
You are amphibious.
You can wear up to eight rings at the same time.
Your skin changes colour to match your surroundings (Stealth+).
Your rubbery body absorbs attacks. (AC +1, EV +1)
((You are camouflaged when in or above water. (Stealth+)))
You have tentacles for arms and can constrict up to eight enemies at once.


Message History

g - Sticky Flame
Okay, then.
Unknown command.
Found a spear.
You see here a +0 spear.
j - a +0 spear
Found a stone staircase leading down.
A quokka comes into view.
A quokka is nearby!
Cast which spell? (? or * to list)
You can't see any susceptible monsters within range! (Use Z to cast anyway.) Cast which spell? (? or * to list)
Aiming: Sting (safe; 4% risk of failure)
Press: ? - help, Shift-Dir - straight line, f - quokka
Aim: a quokka (asleep, 100% to hit)
The sting hits the quokka.
The quokka is poisoned.
The quokka is severely wounded.
You kill the quokka!
There is a stone staircase leading down here.
You climb downwards.
There is a stone staircase leading up here.
Found a lajatang.
Found a stone staircase leading down.
A hound comes into view.
You see here a +0 lajatang.
k - a +0 lajatang A hobgoblin and 3 goblins come into view.
A goblin is wielding a +2 dagger of holy wrath.
The hound barks!
The goblin shouts!
You hear a shout!
Robin of the Strong Arm comes into view.
They are wielding a +0 falchion.
A goblin comes into view. It is wielding a +0 dagger.
The goblin shouts!
The hobgoblin shouts!
Cast which spell? (? or * to list)
Aiming: Sting (safe; 4% risk of failure)
Press: ? - help, Shift-Dir - straight line, f - hound
Aim: a hound (64% to hit)
The sting hits the hound.
The hound is poisoned.
The hound is lightly wounded.
The hound bites you. The hound attacks as it pursues you! The hound misses you.
The hound misses you.
You hit the hound. Your grab misses the hound.
The hound is heavily wounded.
The hound completely misses you. The hound bites you.
The hound attacks as it pursues you! The hound closely misses you.
There is a stone staircase leading up here.
You hit the hound. You grab the hound.
The hound is severely wounded.
You constrict the hound, but do no damage.
The hound misses you. The hound bites you.
You hit the hound but do no damage.
The hound is severely wounded.
You constrict the hound.
The hound looks more healthy.
The hound bites you.
You hit the hound. You squeeze the hound.
You kill the hound!
Your Fire Magic skill increases to level 1!
Cast which spell? (? or * to list)
Aiming: Sting (safe; 4% risk of failure)
Press: ? - help, Shift-Dir - straight line, f - goblin
Aim: a goblin, wielding a +0 dagger (67% to hit)
The sting hits the goblin.
The goblin is poisoned.
You kill the goblin!
Cast which spell? (? or * to list)
Aiming: Sting (safe; 4% risk of failure)
Press: ? - help, Shift-Dir - straight line, f - hobgoblin
Aim: a hobgoblin (74% to hit)
The sting hits the hobgoblin.
The hobgoblin is poisoned.
The hobgoblin is moderately wounded.
You hit the hobgoblin but do no damage. Your grab misses the hobgoblin.
The hobgoblin is moderately wounded.
The hobgoblin barely misses you.
You hit the hobgoblin. Your grab misses the hobgoblin.
The hobgoblin is almost dead.
The hobgoblin hits you.
You hit the hobgoblin.
You kill the hobgoblin!
The goblin closely misses you.
Cast which spell? (? or * to list)
Aiming: Sting (safe; 4% risk of failure)
Press: ? - help, Shift-Dir - straight line, f - goblin
Aim: a goblin, wielding a +0 dagger (67% to hit)
The sting hits the goblin.
The goblin is poisoned.
You kill the goblin!
Things that are here:
a +0 dagger; a hobgoblin corpse
Things that are here:
a +0 dagger; a hobgoblin corpse
There is a stone staircase leading up here.
You climb upwards.
There is a stone staircase leading down here.
There is a stone staircase leading down here.
Found 17 gold pieces.
You now have 42 gold pieces (gained 14).
There are no items here.
A frilled lizard comes into view.
The hobgoblin shouts!
The frilled lizard hisses angrily.
The hobgoblin hits you.
You closely miss the hobgoblin. Your grab misses the hobgoblin.
The hobgoblin misses you.
Cast which spell? (? or * to list)
Aiming: Sting (safe; 4% risk of failure)
Press: ? - help, Shift-Dir - straight line, f - hobgoblin
Aim: a hobgoblin (74% to hit)
The sting misses the hobgoblin.
The hobgoblin hits you.
You closely miss the hobgoblin. Your grab misses the hobgoblin.
The hobgoblin barely misses you.
You hit the hobgoblin. Your grab misses the hobgoblin.
The hobgoblin is heavily wounded.
The hobgoblin hits you.
You closely miss the hobgoblin. You grab the hobgoblin.
You squeeze the hobgoblin.
You kill the hobgoblin!
The frilled lizard closely misses you.
You hit the frilled lizard. Your grab misses the frilled lizard.
Your squeeze misses the frilled lizard.
The frilled lizard is heavily wounded.
The frilled lizard closely misses you.
You miss the frilled lizard. Your grab misses the frilled lizard.
The frilled lizard is heavily wounded.
The frilled lizard bites you.
You hit the frilled lizard.
You kill the frilled lizard!
No target in view!
No target in view!
You now have 59 gold pieces (gained 17).
Found a scroll labelled HINWIFF PUREMI.
Found 8 gold pieces and a bubbling grey potion.
A kobold comes into view. It is wielding a +0 short sword.
Found a sapphire potion.
You see here 8 gold pieces.
You now have 67 gold pieces (gained 8).
Found a hand axe.
The helpless kobold fails to defend itself.
You puncture the kobold!
You kill the kobold!
You see here a +0 short sword.
l - a sapphire potion A gnoll comes into view.
It is wielding a +2 vampiric spear.
You see here a scroll labelled HINWIFF PUREMI.
f - 2 scrolls labelled HINWIFF PUREMI (gained 1) Cast which spell? (? or * to list)
Aiming: Sting (safe; 4% risk of failure)
Press: ? - help, Shift-Dir - straight line, f - gnoll
Aim: a gnoll, wielding a +2 vampiric spear and wearing a +0 buckler (77% to hit)
The sting hits the gnoll.
The gnoll is poisoned.
The gnoll is moderately wounded.
Cast which spell? (? or * to list)
Aiming: Sting (safe; 4% risk of failure)
Press: ? - help, Shift-Dir - straight line, f/p - gnoll
Aim: a gnoll, wielding a +2 vampiric spear and wearing a +0 buckler (moderately wounded, poisoned, 77% to hit)
The sting hits the gnoll.
The gnoll looks even sicker.
The gnoll is severely wounded.
You kill the gnoll!
You now have 80 gold pieces (gained 13).
d - 3 bubbling grey potions (gained 1)
Things that are here:
a +2 vampiric spear; a +0 buckler A gnoll comes into view.
It is wielding a +1 whip of electrocution.
Cast which spell? (? or * to list)
Aiming: Sting (safe; 4% risk of failure)
Press: ? - help, Shift-Dir - straight line, f - gnoll
Aim: a gnoll, wielding a +1 whip of electrocution (wandering, hasn't noticed you, 77% to hit)
The sting misses the gnoll.
The gnoll shouts!
You hear a shout!
A bat comes into view.
Cast which spell? (? or * to list)
Aiming: Sting (safe; 4% risk of failure)
Press: ? - help, Shift-Dir - straight line, f/p - gnoll
Aim: a gnoll, wielding a +1 whip of electrocution (77% to hit)
The sting hits the gnoll.
The gnoll is poisoned.
The gnoll is moderately wounded.
Cast which spell? (? or * to list)
Aiming: Sting (safe; 4% risk of failure)
Press: ? - help, Shift-Dir - straight line, f - bat, p - gnoll
Aim: a bat (60% to hit)
The sting misses the gnoll.
The sting hits the bat but does no damage.
The bat is poisoned.
The gnoll closely misses you.
Cast which spell? (? or * to list)
Aiming: Sting (safe; 4% risk of failure)
Press: ? - help, Shift-Dir - straight line, f/p - bat
Aim: a bat (poisoned, 60% to hit)
The sting hits the gnoll.
The gnoll looks even sicker.
The gnoll is severely wounded.
The bat hits you but does no damage. The gnoll barely misses you.
Hit: c) +0 dagger
Press: ? - help, Dir - move target, f - gnoll, p - bat
Aim: a gnoll, wielding a +1 whip of electrocution (severely wounded, very poisoned, about 34% to evade your +0 dagger)
You hit the gnoll. Your grab misses the gnoll. Your squeeze misses the gnoll.
The gnoll is severely wounded.
The bat barely misses you. The gnoll misses you.
Hit: c) +0 dagger
Press: ? - help, Dir - move target, f/p - gnoll
Aim: a gnoll, wielding a +1 whip of electrocution (severely wounded, very poisoned, about 34% to evade your +0 dagger)
You closely miss the gnoll. You grab the gnoll.
The gnoll is severely wounded.
You constrict the gnoll, but do no damage.
The bat completely misses you.
The gnoll hits you with a +1 whip of electrocution.
Hit: c) +0 dagger
Press: ? - help, Dir - move target, f - bat, p - gnoll
Aim: a bat (severely wounded, poisoned, about 50% to evade your +0 dagger)
You hit the bat but do no damage. Your grab misses the bat.
You squeeze the bat.
You kill the bat!
You constrict the gnoll.
You kill the gnoll!
A gnoll comes into view. It is wielding a +0 whip.
Your Fire Magic skill increases to level 2!
Cast which spell? (? or * to list)
Aiming: Sting (safe; 4% risk of failure)
Press: ? - help, Shift-Dir - straight line, f - gnoll
Aim: a gnoll, wielding a +0 whip and quivering stones (77% to hit)
The sting misses the gnoll.
Cast which spell? (? or * to list)
Aiming: Sting (safe; 4% risk of failure)
Press: ? - help, Shift-Dir - straight line, f/p - gnoll
Aim: a gnoll, wielding a +0 whip and quivering stones (77% to hit)
The sting hits the gnoll.
The gnoll is poisoned.
The gnoll is lightly wounded.
The gnoll throws a stone.
The stone closely misses you.
Cast which spell? (? or * to list)
Aiming: Sting (safe; 4% risk of failure)
Press: ? - help, Shift-Dir - straight line, f/p - gnoll
Aim: a gnoll, wielding a +0 whip and quivering stones (moderately wounded, poisoned, 77% to hit)
The sting hits the gnoll.
The gnoll looks even sicker.
The gnoll is moderately wounded.
The gnoll throws a stone.
The stone barely misses you. The gnoll hits you with a +0 whip.
Things that are here:
a +1 whip of electrocution; a gnoll corpse You hit the gnoll but do no damage.
You grab the gnoll. You tentacle-slap the gnoll.
The gnoll is severely wounded.
You constrict the gnoll. The gnoll hits you with a +0 whip.
You hit the gnoll but do no damage.
The gnoll is almost dead.
You constrict the gnoll. The gnoll closely misses you.
You hit the gnoll but do no damage. You squeeze the gnoll.
You kill the gnoll!
Things that are here:
a +2 vampiric spear; a +0 buckler
m - a +2 vampiric spear
Things that are here:
a +1 whip of electrocution; a gnoll corpse
n - a +1 whip of electrocution You see here a +0 buckler.
o - a +0 buckler You see here a gnoll corpse.
Things that are here:
a +0 whip; 5 stones; a gnoll corpse
p - 5 stones You hear the crackle of electricity.
n - a +1 whip of electrocution (weapon)
A rat comes into view.
Found a falchion.
A rat comes into view.
Cast which spell? (? or * to list)
Aiming: Sting (safe; 4% risk of failure)
Press: ? - help, Shift-Dir - straight line, f - rat
Aim: a rat (asleep, 100% to hit)
The sting hits the rat.
The rat is poisoned.
You kill the rat!
Found 3 boomerangs and a robe.
You see here 3 boomerangs.
q - 3 boomerangs
Found a leather armour.
A hobgoblin comes into view.
The hobgoblin shouts!
Cast which spell? (? or * to list)
Aiming: Sting (safe; 4% risk of failure)
Press: ? - help, Shift-Dir - straight line, f - hobgoblin
Aim: a hobgoblin (74% to hit)
The sting misses the hobgoblin.
A kobold comes into view. It is wielding a +0 whip.
The kobold shouts!
You hit the hobgoblin.
Lightning courses through the hobgoblin!
You kill the hobgoblin!
The kobold throws a stone.
The stone barely misses you.
The kobold throws a stone.
The stone barely misses you.
The kobold throws a stone.
The stone barely misses you.
You hit the kobold.
You kill the kobold!
Unknown command.
p - 9 stones (gained 4)
You see here a +0 whip.
There is a stone staircase leading up here.
The frilled lizard hisses angrily.
You see here a bat skeleton.
An orc comes into view. It is wielding a +0 falchion.
Cast which spell? (? or * to list)
Aiming: Sting (safe; 4% risk of failure)
Press: ? - help, Shift-Dir - straight line, f - frilled lizard
Aim: a frilled lizard (57% to hit)
The sting hits the frilled lizard.
The frilled lizard is poisoned.
You kill the frilled lizard!
The orc shouts!
Cast which spell? (? or * to list)
Aiming: Sting (safe; 4% risk of failure)
Press: ? - help, Shift-Dir - straight line, f - orc
Aim: an orc, wielding a +0 falchion (74% to hit)
The sting hits the orc.
The orc is poisoned.
The orc is lightly wounded.
There is a stone staircase leading down here.
You closely miss the orc. You grab the orc.
The orc is severely wounded.
You constrict the orc.
You kill the orc!
You have reached level 6!
You climb downwards.
Level annotation: Robin
Found a leather armour.
There is a stone staircase leading up here.
The helpless ball python fails to defend itself.
You hit the ball python.
You kill the ball python!
Cast which spell? (? or * to list)
Aiming: Sting (safe; 4% risk of failure)
Press: ? - help, Shift-Dir - straight line, f - hound
Aim: a hound (asleep, 100% to hit)
The sting hits the hound but does no damage.
The hound is poisoned.
The hound barks!
The kobold shouts!
Cast which spell? (? or * to list)
Aiming: Sting (safe; 4% risk of failure)
Press: ? - help, Shift-Dir - straight line, f/p - hound
Aim: a hound (lightly wounded, poisoned, 64% to hit)
The sting hits the hound but does no damage.
The hound looks even sicker.
The hound is lightly wounded.
You closely miss the hound. Your grab misses the hound. You squeeze the hound.
The hound is heavily wounded.
The hound closely misses you. The hound completely misses you.
You hit the hound. You grab the hound.
The hound is heavily wounded.
You constrict the hound. The hound bites you.
A quokka comes into view.
The hound barely misses you.
You hit the hound.
You kill the hound!
The kobold hits you with a +0 short sword.
Your Fire Magic skill increases to level 3!
You barely miss the kobold. Your grab misses the kobold.
Your squeeze misses the kobold. The kobold hits you but does no damage.
You closely miss the kobold. You grab the kobold. You constrict the kobold.
The kobold hits you with a +0 short sword.
You hit the kobold but do no damage.
The kobold is severely wounded.
You constrict the kobold.
You kill the kobold!
You closely miss the quokka. Your grab misses the quokka. The quokka bites you.
You closely miss the quokka. You grab the quokka.
You constrict the quokka, but do no damage.
The quokka bites you but does no damage.
The quokka barely misses you.
You hit the quokka but do no damage. You squeeze the quokka.
You kill the quokka!
No target in view!
Things that are here:
a +0 short sword; a kobold corpse
Found a dagger.
A hobgoblin and a bombardier beetle come into view.
Cast which spell? (? or * to list)
Aiming: Sting (safe; 4% risk of failure)
Press: ? - help, Shift-Dir - straight line, f - hobgoblin
Aim: a hobgoblin (asleep, 100% to hit)
Okay, then.
Cast which spell? (? or * to list)
Aiming: Sting (safe; 4% risk of failure)
Press: ? - help, Shift-Dir - straight line, f - bombardier beetle
Aim: a bombardier beetle (asleep, 100% to hit)
The sting hits the bombardier beetle.
The bombardier beetle is poisoned.
The bombardier beetle is lightly wounded.
Cast which spell? (? or * to list)
Aiming: Sting (safe; 4% risk of failure)
Press: ? - help, Shift-Dir - straight line, f/p - bombardier beetle
Aim: a bombardier beetle (moderately wounded, poisoned, 84% to hit)
The sting hits the bombardier beetle.
The bombardier beetle looks even sicker.
The bombardier beetle is heavily wounded.
Cast which spell? (? or * to list)
Aiming: Sting (safe; 4% risk of failure)
Press: ? - help, Shift-Dir - straight line, f/p - bombardier beetle
Aim: a bombardier beetle (severely wounded, very poisoned, 84% to hit)
The sting hits the bombardier beetle but does no damage.
The bombardier beetle looks even sicker.
The bombardier beetle is severely wounded.
You kill the bombardier beetle!
Sorry, you're not good enough to have a special ability.
Cast which spell? (? or * to list)
You don't know that spell.
Sorry, you're not good enough to have a special ability.
Unknown command.
You hit the hobgoblin. Your grab misses the hobgoblin.
Your squeeze misses the hobgoblin.
The hobgoblin is moderately wounded.
The hobgoblin barely misses you.
You hit the hobgoblin but do no damage. You grab the hobgoblin.
The hobgoblin is moderately wounded.
You constrict the hobgoblin, but do no damage.
The hobgoblin barely misses you. The hobgoblin hits you.
You hit the hobgoblin but do no damage.
Lightning courses through the hobgoblin!
You kill the hobgoblin!
A ball python comes into view.
The ball python hisses angrily.
Cast which spell? (? or * to list)
Aiming: Sting (safe; 4% risk of failure)
Press: ? - help, Shift-Dir - straight line, f - ball python
Aim: a ball python (71% to hit)
The sting hits the ball python.
The ball python is poisoned.
You kill the ball python!
Found a glowing dagger.
Found a stone staircase leading down.
Found a scroll labelled ODEIKE DES CAU.
Found a stone staircase leading up.
Cast which spell? (? or * to list)
Aiming: Sting (safe; 4% risk of failure)
Press: ? - help, Shift-Dir - straight line, f - Robin
Aim: Robin, wielding a +0 falchion, wearing a +2 animal skin and wearing a +1 helmet (wandering, hasn't noticed you, 81% to hit)
The sting hits Robin but does no damage.
Robin is poisoned.
Robin shouts!
The goblin shouts!
You hear a shout! x3
A goblin comes into view. It is wielding a +2 dagger of speed.
Cast which spell? (? or * to list)
Aiming: Sting (safe; 4% risk of failure)
Press: ? - help, Shift-Dir - straight line, f/p - Robin
Aim: Robin, wielding a +0 falchion, wearing a +2 animal skin and wearing a +1 helmet (poisoned, 81% to hit)
The sting hits Robin but does no damage.
Robin looks even sicker.
The goblin shouts!
You hear an angry hiss.
A goblin comes into view. It is wielding a +0 dagger.
A goblin comes into view. It is wielding a +0 club.
The goblin unwields a +2 dagger of speed.
The goblin wields a +0 sling.
The goblin shoots a sling bullet.
The sling bullet hits you.
You hear a shout!
Cast which spell? (? or * to list)
Aiming: Sting (safe; 4% risk of failure)
Press: ? - help, Shift-Dir - straight line, f/p - Robin
Aim: Robin, wielding a +0 falchion, wearing a +2 animal skin and wearing a +1 helmet (very poisoned, 81% to hit)
The sting misses Robin.
The goblin shouts!
A goblin comes into view. It is wielding a +0 flail.
Robin throws the goblin at you!
Cast which spell? (? or * to list)
Aiming: Sting (safe; 4% risk of failure)
Press: ? - help, Shift-Dir - straight line, f/p - Robin
Aim: Robin, wielding a +0 falchion, wearing a +2 animal skin and wearing a +1 helmet (very poisoned, 81% to hit)
The sting misses Robin.
A goblin comes into view.
It is wielding a +1 dagger of holy wrath.
The goblin hits you with a +0 dagger.
A goblin comes into view. It is wielding a +0 club.
Robin roars a battlecry!
The goblins go into a battle-frenzy!
The goblin shouts!
Cast which spell? (? or * to list)
Aiming: Sting (safe; 4% risk of failure)
Press: ? - help, Shift-Dir - straight line, f/p - Robin
Aim: Robin, wielding a +0 falchion, wearing a +2 animal skin and wearing a +1 helmet (lightly wounded, very poisoned, 81% to hit)
The sting hits Robin.
Robin looks even sicker.
Robin is moderately wounded.
You hear an angry hiss.
The goblin hits you with a +0 dagger.
The goblin shoots a sling bullet.
The sling bullet closely misses you. Robin attacks as they pursue you!
Robin hits you with a +0 falchion. The goblin attacks as it pursues you!
The goblin hits you with a +0 dagger.
* * * LOW HITPOINT WARNING * * *
The goblin attacks as it pursues you! The goblin hits you with a +0 dagger.
* * * LOW HITPOINT WARNING * * *
Robin attacks as they pursue you! Robin hits you with a +0 falchion.
* * * LOW HITPOINT WARNING * * *
Robin throws the goblin at you!
* * * LOW HITPOINT WARNING * * *
It was a potion of curing.
You feel better. The goblin hits you with a +0 dagger.
* * * LOW HITPOINT WARNING * * *
Unknown command.
Unknown command.
You aren't carrying any items that you can evoke.
Okay, then.
You are too injured to fight recklessly!
Hit: n) +1 whip (elec)
Press: ? - help, Dir - move target, f - goblin, p - Robin
Aim: a goblin, wielding a +0 dagger (strong, about 49% to evade your +1 whip of electrocution)
You barely miss the goblin. You grab the goblin. You squeeze the goblin.
You kill the goblin!
Robin throws the goblin at you!
* * * LOW HITPOINT WARNING * * *
The goblin barely misses you.
Hit: n) +1 whip (elec)
Press: ? - help, Dir - move target, f - goblin
Aim: a goblin, wielding a +0 club and wearing a +0 leather armour (strong, about 49% to evade your +1 whip of electrocution)
You barely miss the goblin. Your grab misses the goblin.
The goblin hits you with a +2 dagger of holy wrath!
* * * LOW HITPOINT WARNING * * *
Robin throws the goblin at you!
You die...
Robin says, "And that's why I'm the boss."

###.......>....
..........)......
##.###..gg........
......gg.........
.................
...g........#.... #
##.##..g....# #
....##.##gg.....#
......g@g.......#
....##g##.......# .
........#.##########
##.......#......#....
.###########..####.#...........
..............................
#............................
#............................
#........[........)..........


You could see Robin (very poisoned) and 6 goblins.

Vanquished Creatures
  A scorpion (D:3)
  2 bombardier beetles
  2 hounds (D:4)
  3 gnolls (D:3)
  3 adders
  A ribbon worm (D:2)
  An orc (D:3)
  5 ball pythons
  3 endoplasms
  3 giant cockroaches
  4 goblins
  6 hobgoblins
  7 kobolds
  2 quokkas
  3 bats (D:3)
  4 frilled lizards
  5 rats
55 creatures vanquished.

Notes
Turn   | Place    | Note
-------+----------+-------------------------------------------
     0 | D:1      | jagoly the Octopode Alchemist began the quest for the Orb.
     0 | D:1      | Reached XP level 1. HP: 11/11 MP: 3/3
    71 | D:1      | Reached XP level 2. HP: 17/17 MP: 1/5
   180 | D:2      | Reached XP level 3. HP: 18/21 MP: 2/6
   212 | D:2      | Reached skill level 4 in Alchemy
   285 | D:3      | Noticed a scorpion
   292 | D:3      | Killed a scorpion
   293 | D:3      | Reached skill level 5 in Alchemy
   293 | D:3      | Reached skill level 1 in Fighting
   293 | D:3      | Reached XP level 4. HP: 28/28 MP: 1/7
   319 | D:3      | Reached XP level 5. HP: 34/34 MP: 1/8
   324 | D:3      | Learned a level 4 spell: Sticky Flame
   348 | D:4      | Noticed Robin
   363 | D:4      | Reached skill level 1 in Fire Magic
   561 | D:3      | Reached XP level 6. HP: 39/39 MP: 6/9
   627 | D:4      | Hit by a goblin thrown by Robin

Illustrated notes

Levels and vault maps discovered:
D:1:      psy_arrival_spokes, layout_basic
D:2:      layout_rooms, feat_on_display
D:3:      layout_rooms, palyth_stone_intersect
D:4:      layout_rooms, temple_pool_b, uniq_robin, uniq_menkaure

Skill      XL: |  1  2  3  4  5  6 |
---------------+-------------------+-----
Stealth        | 3 4 |  4.0
Conjurations   | 2 |  2.0
Alchemy        | 5 |  5.0
Fighting       | 1 2 |  2.0
Fire Magic     | 2 3 |  3.3
Dodging        | |  2.0
Spellcasting   | |  2.0

Action                     |  1- 3 |  4- 6 || total
---------------------------+-------+-------++-------
  Melee: Unarmed           |     6 |       ||     6
         Dagger            |    32 |    26 ||    58
         Constrict         |     7 |    12 ||    19
         Tentacles         |     3 |     8 ||    11
         Punch             |     1 |     1 ||     2
         Whip              |       |    18 ||    18
   Cast: Sting             |    22 |    33 ||    55
    Use: Potion            |       |     1 ||     1
   Stab: Sleeping          |     2 |     2 ||     4
 Armour: Skin              |    12 |    34 ||    46
  Dodge: Dodged            |    20 |    38 ||    58
